 Dungeon Crawl Stone Soup version 0.28-a0-662-g1651b1f1e0 (webtiles) character file.

Game seed: 2459221506422145429

94 ytrimaz the Sneak (level 4, -2/43 HPs)
             Began as an Octopode Brigand on Oct 15, 2021.
             Succumbed to a gnoll's poison
             ... on level 2 of the Dungeon.
             The game lasted 00:03:02 (2369 turns).

ytrimaz the Sneak (Octopode Brigand)                Turns: 2369, Time: 00:03:02

Health: -2/43      AC:  1    Str: 10    XL:     4   Next: 63%
Magic:  4/4        EV: 12    Int: 13    God:
Gold:   87         SH:  5    Dex: 14    Spells: 3/3 levels left

rFire   . . .      SeeInvis .   a - +2 dagger (flame)
rCold   . . .      Faith    .   (no shield)
rNeg    . . .      Spirit   .   (helmet restricted)
rPois   .          Reflect  +   i - amulet of reflection
rElec   .          Harm     .   (no ring)
rCorr   .          Rampage  .   (no ring)
Will    .....                   (no ring)
Stlth   ..........              (no ring)
HPRegen 0.14/turn               (no ring)
MPRegen 0.09/turn               (no ring)
                                (no ring)
                                (no ring)

@: mighty, berserking, lethally poisoned (-2 -> -16), very quick
A: almost no armour, amphibious, 8 rings, camouflage 1, gelatinous body 1,
(nimble swimmer 1), tentacles
a: no special abilities


You were on level 2 of the Dungeon.
You visited 1 branch of the dungeon, and saw 3 of its levels.

You collected 87 gold pieces.

Inventory:

Hand Weapons
 a - a +2 dagger of flaming (weapon)
Missiles
 b - 8 poisoned darts (quivered)
 c - 2 curare-tipped darts
Jewellery
 i - an amulet of reflection (around mantle)
Scrolls
 h - 3 scrolls of teleportation
 k - 2 scrolls of identify {unknown}
 l - a scroll of fog {unknown}
 m - a scroll of silence {unknown}
Potions
 d - a potion of brilliance {unknown}
 g - a potion of curing {unknown}
 j - 2 potions of flight {unknown}


   Skills:
 + Level 2.1 Fighting
 + Level 2.5 Short Blades
 * Level 2.7 Throwing
 - Level 1.0 Dodging
 + Level 7.2 Stealth


You had 3 spell levels left.
You didn't know any spells.
Your spell library contained the following spells:

 Spells                   Type           Power      Damage    Failure   Level
 Apportation              Tloc           0%         N/A       30%         1
 Magic Dart               Conj           0%         1d3       30%         1
 Call Imp                 Summ           0%         N/A       43%         2
 Inner Flame              Hex/Fire       0%         N/A       67%         3
 Mephitic Cloud           Conj/Pois/Air  0%         N/A       67%         3
 Cause Fear               Hex            0%         N/A       97%         4
 Alistair's Intoxication  Tmut/Pois      0%         N/A       100%        5
 Invisibility             Hex            0%         N/A       100%        6
 Discord                  Hex            0%         N/A       100%        8


Dungeon Overview and Level Annotations

Branches:
Dungeon (3/15)

Altars:
Ru
Vehumet


Innate Abilities, Weirdness & Mutations

You cannot wear most types of armour.
You are amphibious.
You can wear up to eight rings at the same time.
Your skin changes colour to match your surroundings (Stealth+).
Your rubbery body absorbs attacks. (AC +1, EV +1)
((You are camouflaged near water. (Stealth+)))
You have tentacles for arms and can constrict up to eight enemies at once.


Message History

Your squeeze misses the goblin. The goblin closely misses you.
You closely miss the goblin. You grab the goblin. You squeeze the goblin.
The goblin is moderately wounded.
You constrict the goblin. You barely miss the goblin.
The goblin is heavily wounded.
You constrict the goblin.
You kill the goblin!
Things that are here:
a +0 club; a goblin corpse HP restored.
A gnoll comes into view. It is wielding a +0 whip.
A gnoll comes into view. It is wielding a +2 spear of venom.
A gnoll comes into view. It is wielding a +0 club.
A gnoll comes into view. It is wielding a +0 whip.
Found a scale mail.
The gnoll shouts!
Press: ? - help, v - describe, . - travel
Here: a gnoll, wielding a +2 spear of venom The floor.
Unknown command.
There is an open door here.
The gnoll hits you from afar with a +2 spear of venom.
You are poisoned.
There is a stone staircase leading up here.
You feel very sick.
The gnoll hits you from afar with a +2 spear of venom!
You are lethally poisoned!
You climb upwards.
* * * LOW HITPOINT WARNING * * *
You feel extremely sick.
There is a stone staircase leading down here.
It was a potion of might.
You feel very mighty all of a sudden.
* * * LOW HITPOINT WARNING * * *
You feel very sick.
It was a potion of berserk rage.
A red film seems to cover your vision as you go berserk!
You feel yourself moving faster!
You feel mighty!
You die...

## #####. #.....
#.....
#############.....
#@...).......<....
#.###########.....
#.# #..... #.#
###'## #.# #.# #.#
#.## #.#### #...
#....# ########
####.# #.......


There were no monsters in sight!

Vanquished Creatures
  Jessica (D:2)
  Terence (D:2)
  An adder (D:2)
  A worm (D:2)
  3 ball pythons (D:1)
  4 endoplasms
  3 giant cockroaches
  2 jackals (D:2)
  A quokka (D:1)
  A ball python skeleton (D:2)
  3 bats
  4 frilled lizards
  4 goblins
  4 rats
33 creatures vanquished.

Notes
Turn   | Place    | Note
-------+----------+-------------------------------------------
     0 | D:1      | ytrimaz the Octopode Brigand began the quest for the Orb.
     0 | D:1      | Reached XP level 1. HP: 14/14 MP: 1/1
   384 | D:1      | Reached XP level 2. HP: 3/19 MP: 2/2
  1483 | D:2      | Found a sacrificial altar of Ru.
  1495 | D:2      | Reached skill level 6 in Stealth
  1562 | D:2      | Reached XP level 3. HP: 18/24 MP: 3/3
  1799 | D:2      | Noticed Jessica
  1828 | D:2      | Killed Jessica
  1829 | D:2      | Reached XP level 4. HP: 21/29 MP: 4/4
  2035 | D:2      | Noticed Terence
  2050 | D:2      | Killed Terence
  2051 | D:2      | Reached skill level 7 in Stealth
  2263 | D:3      | Found a radiant altar of Vehumet.
  2368 | D:2      | HP: 1/29 [poisoned by a gnoll]
  2369 | D:2      | Succumbed to a gnoll's poison

Illustrated notes

Levels and vault maps discovered:
D:1:      amcnicky_arrival_abandoned_market, layout_rooms, serial_curves,
          eino_curves_04, eino_curves_01, eino_curves_02, eino_curves_04
D:2:      layout_basic, basic_altar, st_stairs_3, uniq_jessica, uniq_terence
D:3:      layout_basic, grunt_temple_overflow_magic_moments,
          minmay_overflow_temple_star_quad,
          hellmonk_ecumenical_altar_prayer_group

Skill      XL: |  1  2  3  4 |
---------------+-------------+-----
Stealth        | 6 7 |  7.2
Fighting       | |  2.1
Short Blades   | |  2.5
Throwing       | |  2.7
Dodging        | |  1.0

Action                   |  1- 3 |  4- 6 || total
-------------------------+-------+-------++-------
Melee: Dagger            |    53 |     9 ||    62
       Tentacles         |    10 |     1 ||    11
       Constrict         |     8 |     1 ||     9
Throw: Dart              |     1 |       ||     1
  Use: Scroll            |     4 |       ||     4
       Potion            |       |     2 ||     2
 Stab: Sleeping          |     9 |     4 ||    13
Armor: Skin              |     2 |       ||     2
Dodge: Dodged            |    22 |     2 ||    24

Table legend: (Time is in decaauts)
 A = Elapsed time spent in this place.
 B = Non-inter-level travel time spent in this place.
 C = Inter-level travel time spent in this place.
 D = Time resting spent in this place.
 E = Time spent auto-exploring this place.
 F = Levels seen in this place.
 G = Mean time per level.
                   A        B        C        D        E       F      G
               +--------+--------+--------+--------+--------+-----+--------+
         Total |   2362 |   2305 |     57 |    618 |   1256 |   3 |  787.3 |
       Dungeon |   2362 |   2305 |     57 |    618 |   1256 |   3 |  787.3 |
               +--------+--------+--------+--------+--------+-----+--------+

Top non-repeatable levels by time:
     D:1: 1393 daAuts
     D:2: 844 daAuts
     D:3: 123 daAuts
